 Dungeon Crawl Stone Soup version 0.30.0-29-ga12c61a403 (webtiles) character file.

Game seed: 2686181325151572964

75 FishyPogo the Charlatan (level 4, -1/32 HPs)
             Began as a Merfolk Wanderer on June 4, 2023.
             Was an Initiate of Dithmenos.
             Slain by an iguana (9 damage)
             ... on level 3 of the Dungeon.
             The game lasted 00:11:57 (2264 turns).

FishyPogo the Charlatan (Merfolk Wanderer)          Turns: 2264, Time: 00:11:58

Health: -1/32      AC:  2    Str: 15    XL:     4   Next: 31%
Magic:  8/8        EV: 12    Int: 13    God:    Dithmenos [......]
Gold:   123        SH:  0    Dex: 10    Spells: 8/9 levels left

rFire   . . .        a - +0 spear
rCold   . . .        (no shield)
rNeg    . . .        d - +0 robe
rPois   .            (no helmet)
rElec   .            (no cloak)
rCorr   .            (no gloves)
SInv    .            (no boots)
Will    .....        f - amulet of magic regeneration
Stlth   +            (no ring)
HPRegen 0.25/turn    (no ring)
MPRegen 0.51/turn

%: no passive effects
@: brilliant, very slightly contaminated
A: (nimble swimmer 2), mertail
a: Renounce Religion


You were on level 3 of the Dungeon.
You worshipped Dithmenos.
Dithmenos was noncommittal.
You visited 1 branch of the dungeon, and saw 3 of its levels.

You collected 123 gold pieces.

Inventory:

Hand Weapons
 a - a +0 spear (weapon)
Missiles
 i - 3 boomerangs
 j - 21 stones
Armour
 d - a +0 robe (worn)
Jewellery
 f - an amulet of magic regeneration (around neck)
 h - an amulet of faith
Wands
 e - a wand of mindburst (8)
Scrolls
 b - a scroll of fog
 g - 4 scrolls of identify {unknown}
 k - a scroll of brand weapon {unknown}
 l - a scroll of enchant weapon {unknown}
 m - a scroll of vulnerability {unknown}
Potions
 c - 3 potions of might
 n - a potion of curing {unknown}
 o - a potion of flight {unknown}
 p - a potion of brilliance


   Skills:
 + Level 1.3 Fighting
 + Level 1.6 Polearms
 - Level 1.1 Armour
 * Level 2.1 Dodging
 + Level 1.0 Stealth
 - Level 3.0 Spellcasting
 + Level 2.0 Invocations
 + Level 5.2 Evocations


You had 8 spell levels left.
You knew the following spells:

 Your Spells              Type           Power      Damage    Failure   Level
a - Foxfire               Conj/Fire      8%         2x1d4     22%         1

Your spell library contained the following spells:

 Spells                   Type           Power      Damage    Failure   Level
 Summon Guardian Golem    Hex/Summ       2%         N/A       56%         3
 Volatile Blastmotes      Fire/Tloc      4%         2d10      56%         3
 Passage of Golubria      Tloc           2%         N/A       92%         4
 Silence                  Hex/Air        1%         N/A       99%         5
 Orb of Destruction       Conj           1%         9d5       100%        7
 Spellforged Servitor     Conj/Summ      1%         N/A       100%        7
 Lehudib's Crystal Spear  Conj/Erth      1%         10d2      100%        8


Dungeon Overview and Level Annotations

Branches:
Dungeon (3/15)

Altars:
Dithmenos
Vehumet


Innate Abilities, Weirdness & Mutations

((You are very nimble when in or above water. (Stealth+, EV+, Speed+++)))
Your lower body shifts to a powerful aquatic tail in water.


Message History

Casting: Foxfire (safe; 22% risk of failure)
Confirm with . or Enter, or press ? or * to list all spells.
You conjure some foxfire!
The foxfire hits the iguana but does no damage.
The foxfire hits the iguana.
The iguana is lightly wounded.
Casting: Foxfire (safe; 22% risk of failure)
Confirm with . or Enter, or press ? or * to list all spells.
You conjure some foxfire!
The foxfire hits the iguana but does no damage.
The iguana is lightly wounded.
The foxfire hits the iguana.
The iguana is lightly wounded.
Casting: Foxfire (safe; 22% risk of failure)
Confirm with . or Enter, or press ? or * to list all spells.
You conjure some foxfire!
The foxfire hits the iguana but does no damage.
The iguana is lightly wounded.
The foxfire hits the iguana but does no damage.
The iguana is lightly wounded.
Casting: Foxfire (safe; 22% risk of failure)
Confirm with . or Enter, or press ? or * to list all spells.
You miscast Foxfire.
You are very lightly contaminated with residual magic.
Nothing appears to happen.
The iguana bites you!
You barely miss the iguana.
The iguana is lightly wounded.
The iguana bites you.
Casting: Foxfire (safe; 22% risk of failure)
Confirm with . or Enter, or press ? or * to list all spells.
You conjure some foxfire!
The iguana bites you!
* * * LOW HITPOINT WARNING * * *
The foxfire hits the iguana but does no damage.
The iguana is lightly wounded.
The foxfire hits the iguana.
The iguana is moderately wounded.
It was a potion of brilliance.
You feel clever all of a sudden. The iguana bites you!
You die...

.#.....######## # .##'##.#
#....# .# .##'##'###....+
..##
..............#########....#
......†...............'....#
............#####.....#.(....
............#####.....# .....
..#+#.................# ....
..# #...........@l....### ...
..#.#............>.#....# ..
..........†...)†[..#....## .
......................#
......................###.
............................
.)..........................
............................
.................##.........


You could see an iguana.

Vanquished Creatures
  A gnoll (D:1)
  2 adders (D:3)
  An ufetubus (D:3)
  A worm (D:2)
  3 ball pythons (D:3)
  6 bats
  An endoplasm (D:1)
  A giant cockroach (D:1)
  4 goblins
  6 hobgoblins
  2 quokkas (D:1)
  2 frilled lizards (D:2)
  3 kobolds
  8 rats
41 creatures vanquished.

Vanquished Creatures (others)
  81 foxfires
81 creatures vanquished.

Grand Total: 122 creatures vanquished

Notes
Turn   | Place    | Note
-------+----------+-------------------------------------------
     0 | D:1      | FishyPogo the Merfolk Wanderer began the quest for the Orb.
     0 | D:1      | FishyPogo set off with the following items: a +0 club, a
                  | scroll of fog, a potion of might, a +0 robe, a wand of
                  | mindburst (8); and the following spell memorised: Foxfire;
                  | and the following spells available to memorise: Volatile
                  | Blastmotes.
     0 | D:1      | Reached XP level 1. HP: 13/13 MP: 4/4
   306 | D:1      | Reached XP level 2. HP: 20/20 MP: 6/6
   387 | D:1      | Reached skill level 1 in Polearms
   586 | D:1      | Reached XP level 3. HP: 12/25 MP: 7/7
   637 | D:1      | Reached skill level 1 in Fighting
   985 | D:2      | Reached skill level 1 in Dodging
  1663 | D:2      | Found a shadowy altar of Dithmenos.
  1933 | D:2      | Became a worshipper of Dithmenos the Shadowed
  2070 | D:3      | Found a radiant altar of Vehumet.
  2117 | D:3      | Reached XP level 4. HP: 32/32 MP: 6/8
  2167 | D:3      | Reached skill level 1 in Stealth
  2264 | D:3      | Slain by an iguana

Illustrated notes

Levels and vault maps discovered:
D:1:      dpeg_cavernosity, layout_basic
D:2:      layout_loops_corners, basic_altar
D:3:      layout_basic, lemuel_coloured_pillars_altar, dancing_weapons_uskayaw,
          shapermc_ecumenical_altar_totnotflames

Skill      XL: |  1  2  3  4 |
---------------+-------------+-----
Polearms       | 1 |  1.6
Fighting       | 1 |  1.3
Dodging        | 2 |  2.1
Invocations    | 2 |  2.0
Stealth        | 1 |  1.0
Armour         | |  1.1
Spellcasting   | |  3.0
Evocations     | |  5.2

Action                     |  1- 3 |  4- 6 || total
---------------------------+-------+-------++-------
  Melee: Spear             |    78 |     8 ||    86
         Punch             |     1 |       ||     1
   Cast: Foxfire           |    41 |    14 ||    55
    Use: Potion            |     3 |     1 ||     4
   Stab: Sleeping          |     3 |       ||     3
 Armour: Robe              |    11 |       ||    11
  Dodge: Dodged            |    33 |    12 ||    45
